 Dungeon Crawl Stone Soup version 0.30-a0-728-gc68057be0a (webtiles) character file.

Game seed: 15121508493907464329

42 browni3141 the Poker (level 3, 0/19 HPs)
             Began as a Vine Stalker Fighter on Jan 31, 2023.
             Slain by a goblin
             ... wielding a +0 club
             ... led by Robin
              (1 damage)
             ... on level 2 of the Dungeon.
             The game lasted 00:01:28 (968 turns).

browni3141 the Poker (Vine Stalker Fighter)          Turns: 968, Time: 00:01:29

Health: 0/19       AC:  6    Str: 20    XL:     3   Next: 56%
Magic:  0/4        EV:  9    Int:  8    God:
Gold:   44         SH:  4    Dex: 13    Spells: 2/2 levels left

rFire   . . .      SeeInvis .    a - +0 trident
rCold   . . .      Faith    .    c - +0 buckler
rNeg    . . .      Spirit   +    b - +0 scale mail
rPois   .          Reflect  .    (no helmet)
rElec   .          Harm     .    (no cloak)
rCorr   .          Rampage  .    (no gloves)
Will    .....                    (no boots) Stlth
                                 (no amulet)
HPRegen 0.23/turn                (no ring)
MPRegen 0.09/turn                (no ring)

@: no status effects
A: fangs 2, magic shield, antimagic bite, no potion heal 2
a: no special abilities


You were on level 2 of the Dungeon.
You visited 1 branch of the dungeon, and saw 2 of its levels.

You collected 44 gold pieces.

Inventory:

Hand Weapons
 a - a +0 trident (weapon)
Armour
 b - a +0 scale mail (worn)
 c - a +0 buckler (worn)
Scrolls
 f - 2 scrolls of identify {unknown}
 g - a scroll of fog {unknown}
 h - a scroll of teleportation {unknown}
Potions
 d - 2 potions of might
 e - a potion of attraction {unknown}
 i - a potion of flight {unknown}


   Skills:
 - Level 2.6 Fighting
 + Level 3.5 Polearms
 - Level 2.4 Armour
 - Level 2.6 Shields


You had 2 spell levels left.
You didn't know any spells.
Your spell library was empty.

Dungeon Overview and Level Annotations

Branches:
Dungeon (2/15)

Altars:

Annotations:
D:2 Robin


Innate Abilities, Weirdness & Mutations

You have extremely sharp teeth.
When hurt, damage is shared between your health and your magic reserves.
Your bite disrupts and absorbs the magic of your enemies.
Potions cannot restore your health.


Message History

You barely miss the goblin.
The goblin is moderately wounded.
You block the goblin's attack.
You closely miss the goblin. You bite the goblin.
You kill the goblin!
You closely miss the goblin. The goblin hits you with a +0 club.
You puncture the goblin!
You kill the goblin!
You barely miss the goblin. Your bite misses the goblin.
You block the goblin's attack.
You barely miss the goblin. You bite the goblin. You drain its power.
You feel invigorated.
The goblin is heavily wounded.
Robin throws the goblin at you!
The goblin hits you but does no damage. x3
You barely miss the goblin. You bite the goblin, but do no damage.
The goblin is heavily wounded.
You block the goblin's attack. The goblin hits you with a +0 dagger.
You are too injured to fight recklessly!
You are too injured to fight recklessly!
You closely miss the goblin. The goblin hits you with a +0 club.
The goblin hits you with a +0 dagger.
* * * LOW HITPOINT WARNING * * *
You closely miss the goblin. The goblin hits you with a +0 dagger.
* * * LOW HITPOINT WARNING * * *
The goblin hits you but does no damage.
Robin roars a battlecry!
You hear a shout!
You hit the goblin. You bite the goblin.
You kill the goblin!
You hear a shout!
The goblin hits you with a +0 club.
* * * LOW HITPOINT WARNING * * *
Robin throws the goblin at you!
You closely miss the goblin. Your bite misses the goblin.
The goblin no longer looks unusually strong.
You block the goblin's attack.
The goblin hits you but does no damage. x2
Robin roars a battlecry!
The goblin goes into a battle-frenzy!
The goblin hits you with a +0 club.
You die...

.# #.# #.# #.# #.#
#g# #.# #.# #.# #.#
#.# #g# #.# #.# #g#
#.# #.# #.#
#.##########.# #.#
.....##......#####g#
...............g@gg#
.....##.############
##.####.# #...###.#
........# #...#####
##.## ##.# ##.#


You could see Robin and 3 goblins.

Vanquished Creatures
  An adder (D:2)
  A dart slug (D:1)
  2 ball pythons (D:2)
  2 bats (D:1)
  An endoplasm (D:1)
  A giant cockroach (D:1)
  4 goblins (D:2)
  3 hobgoblins (D:1)
  2 jackals (D:1)
  3 kobolds (D:1)
  2 quokkas (D:1)
  2 frilled lizards (D:1)
  5 rats
29 creatures vanquished.

Notes
Turn   | Place    | Note
-------+----------+-------------------------------------------
     0 | D:1      | browni3141 the Vine Stalker Fighter began the quest for the
                  | Orb.
     0 | D:1      | Reached XP level 1. HP: 11/11 MP: 2/2
    52 | D:1      | Reached skill level 2 in Polearms
   102 | D:1      | Reached XP level 2. HP: 16/16 MP: 3/3
   385 | D:1      | Reached skill level 3 in Polearms
   471 | D:1      | Found a faded altar of an unknown god.
   531 | D:1      | Reached XP level 3. HP: 19/19 MP: 4/4
   952 | D:2      | Noticed Robin
   968 | D:2      | Slain by a goblin

Illustrated notes

Levels and vault maps discovered:
D:1:      minmay_arrival_solitary_statue, layout_loops_corners,
          ebering_ecumenical_altar_rust, chequers_serial_rivers_room_b,
          feat_on_display
D:2:      layout_loops_ring, uniq_robin

Skill      XL: |  1  2 |
---------------+-------+-----
Polearms       | 2 3 |  3.5
Fighting       | |  2.6
Armour         | |  2.4
Shields        | |  2.6

Action                     || total
---------------------------++-------
  Melee: Trident           ||    80
         Bite              ||    11
 Armour: Scale mail        ||    33
  Dodge: Dodged            ||    24
  Block: Buckler           ||    14

Table legend: (Time is in decaauts)
 A = Elapsed time spent in this place.
 B = Non-inter-level travel time spent in this place.
 C = Inter-level travel time spent in this place.
 D = Time resting spent in this place.
 E = Time spent auto-exploring this place.
 F = Levels seen in this place.
 G = Mean time per level.
                   A        B        C        D        E       F      G
               +--------+--------+--------+--------+--------+-----+--------+
         Total |    983 |    955 |     28 |      0 |    769 |   2 |  491.5 |
       Dungeon |    983 |    955 |     28 |      0 |    769 |   2 |  491.5 |
               +--------+--------+--------+--------+--------+-----+--------+

Top non-repeatable levels by time:
     D:1: 803 daAuts
     D:2: 180 daAuts
